 Dungeon Crawl Stone Soup version 0.30.1-4-g462c640d31 (webtiles) character file.

Game seed: 2574185007423771067

577 Graphine the Ruffian (level 7, 0/70 HPs)
             Began as a Troll Fighter on Aug 18, 2023.
             Slain by Sigmund
             ... wielding a +3 scythe of protection
              (7 damage)
             ... on level 4 of the Dungeon.
             The game lasted 00:06:06 (2602 turns).

Graphine the Ruffian (Troll Fighter)                Turns: 2602, Time: 00:06:06

Health: 0/70       AC:  7    Str: 27    XL:     7   Next: 13%
Magic:  6/6        EV:  8    Int:  4    God:
Gold:   159        SH:  8    Dex:  9    Spells: 6/6 levels left

rFire   . .          .
                       - Unarmed
rCold   . . .        b - +0 kite shield
rNeg    . . .        s - +1 troll leather armour {Pargi}
rPois   .            (helmet restricted)
rElec   .            (no cloak)
rCorr   .            (gloves unavailable)
SInv    .            (boots unavailable)
Will    .....        (no amulet)
Stlth   +            k - ring of flight
HPRegen 1.91/turn    (no ring)
MPRegen 0.10/turn

%: no passive effects
@: mighty, lethally poisoned (0 -> -3), flying
A: large, unfitting armour, claws 3, regeneration 1, shaggy fur 1, tough skin 1,
mutation resistance 1, subdued magic 1
a: no special abilities


You were on level 4 of the Dungeon.
You visited 1 branch of the dungeon, and saw 4 of its levels.
You also visited: Sewer.

You collected 277 gold pieces.
You spent 118 gold pieces at shops.

Inventory:

Armour
 b - a +0 kite shield (worn)
 s - a +1 troll leather armour (worn) {Pargi}
Jewellery
 k - a ring of flight (left claw)
Wands
 g - a wand of flame (3) (quivered)
Scrolls
 i - 2 scrolls of vulnerability
 o - a scroll of teleportation
 p - 2 scrolls of noise
 r - a scroll of blinking
Potions
 c - 3 potions of might
 e - a potion of curing
 f - a potion of ambrosia
 h - a potion of haste
 j - 4 potions of brilliance
 l - 2 potions of heal wounds {unknown}
 m - 2 potions of cancellation
 n - a potion of degeneration {unknown}


   Skills:
 + Level 4.0 Fighting
 - Level 2.4 Dodging
 + Level 4.3 Shields
 * Level 5.7 Unarmed Combat


You had 6 spell levels left.
You didn't know any spells.
Your spell library contained the following spells:

 Spells                   Type           Power      Damage    Failure   Level
 Cigotuvi's Dreadful Rot  Necr/Pois/Air  0%         N/A       86%         2
 Portal Projectile        Hex/Tloc       0%         N/A       98%         3
 Tukima's Dance           Hex            0%         N/A       98%         3
 Dispel Undead            Necr           0%         3d6       100%        4
 Blade Hands              Tmut           0%         N/A       100%        5
 Death Channel            Necr           0%         N/A       100%        6


Dungeon Overview and Level Annotations

Branches:
Dungeon (4/15)              Sewer (visited)
 Temple: D:4-7

Altars:
Ru

Shops:
D:2 [??[?

Annotations:
D:4 Dowan, Duvessa, Sigmund


Innate Abilities, Weirdness & Mutations

You are too large for most types of armour.
You have claws for hands.
Your natural rate of healing is unusually fast.
You are covered in fur. (AC +1)
You have tough skin. (AC +1)
You are somewhat resistant to further mutation.
Your spells are a little easier to cast, but a little less powerful.


Message History

The orc wizard is outlined in light.
You scratch the orc wizard.
You kill the orc wizard!
Reactivating autopickup.
Duvessa says, "When magic and the sword combine, nothing stands against them."
Duvessa closely misses you. Something hits you.
Deactivating autopickup; reactivate with Ctrl-A.
Duvessa hits you with a +0 short sword. The orc hits you but does no damage.
The orc barely misses you.
You barely miss Dowan. You block Duvessa's attack.
Dowan hits you but does no damage.
You are poisoned.
The orc hits you but does no damage. The orc barely misses you.
You block something's attack.
You claw Dowan!
Dowan is severely wounded.
You feel sick. You block Duvessa's attack.
Duvessa hits you with a +0 short sword. The orc barely misses you.
You block the orc's attack.
Dowan says, "Magic and the sword, together, will defeat you."
You block Dowan's attack.
You scratch Duvessa.
Duvessa is lightly wounded.
You feel sick. Duvessa hits you with a +0 short sword.
Something hits you but does no damage.
Dowan hits you with a +1 dagger of venom.
* * * LOW HITPOINT WARNING * * *
You are more poisoned.
You block the orc's attack. The orc hits you with a +0 hand axe.
* * * LOW HITPOINT WARNING * * *
You scratch Duvessa.
Duvessa is moderately wounded.
You feel very sick. You block Duvessa's attack.
Duvessa hits you with a +0 short sword!
* * * LOW HITPOINT WARNING * * *
You block Dowan's attack. You block the orc's attack.
The orc hits you with a +0 short sword.
* * * LOW HITPOINT WARNING * * *
Something hits you!
You die...

..# ##.. #.# .....
#.# #... #.# ## .
#... #.#####.#..
#...##..........
#.............
#......e....##
#.....@e{.>...
#.....oo....##
###.............
###.......#####.##
............... #
####
###.......#####
#...## #.......#
##.# #.......#
#... #.......# ###
#..†


You could see Duvessa (fast), Dowan and 2 orcs.

Vanquished Creatures
  Edmund (D:4)
  Pargi (Sewer)
  A scorpion (D:4)
  2 orc priests
  2 hounds (D:4)
  An iguana (D:4)
  An orc wizard (D:4)
  4 adders
  A worm (D:3)
  3 dart slugs
  5 orcs
  13 ball pythons
  6 endoplasms
  8 giant cockroaches
  10 goblins
  8 hobgoblins
  14 jackals
  6 quokkas
  7 bats
  5 frilled lizards
  A kobold (D:3)
  8 rats
108 creatures vanquished.

Notes
Turn   | Place    | Note
-------+----------+-------------------------------------------
     0 | D:1      | Graphine the Troll Fighter began the quest for the Orb.
     0 | D:1      | Reached XP level 1. HP: 22/22 MP: 0/0
    94 | D:1      | Reached XP level 2. HP: 29/29 MP: 1/1
   369 | D:1      | Reached XP level 3. HP: 36/36 MP: 2/2
   518 | D:1      | Reached skill level 3 in Unarmed Combat
   688 | D:2      | Found Cah Ydon's Magic Scroll Shop.
   698 | D:2      | Bought a scroll of identify for 24 gold pieces
   698 | D:2      | Bought a scroll of identify for 24 gold pieces
   734 | D:2      | Found Gyv Wud's Antique Armour Boutique.
   767 | D:2      | Found Ucuahis's Magic Scroll Shop.
   924 | D:2      | Reached XP level 4. HP: 40/44 MP: 3/3
   998 | D:2      | Found Vocaup's Antique Armour Emporium.
  1295 | D:2      | Found Yleinym's Magic Scroll Shop.
  1310 | D:2      | Bought a scroll of noise for 14 gold pieces
  1310 | D:2      | Bought a scroll of identify for 28 gold pieces
  1360 | D:2      | Bought a scroll of identify for 28 gold pieces
  1379 | D:2      | Gained mutation: Your spells are a little easier to cast,
                  | but a little less powerful. [potion of mutation]
  1379 | D:2      | Gained mutation: You are somewhat resistant to further
                  | mutation. [potion of mutation]
  1705 | D:3      | Found a sacrificial altar of Ru.
  1899 | D:4      | Reached skill level 4 in Unarmed Combat
  1899 | D:4      | Reached XP level 5. HP: 53/53 MP: 4/4
  2047 | D:4      | Noticed Edmund
  2059 | D:4      | Killed Edmund
  2060 | D:4      | Reached skill level 5 in Unarmed Combat
  2060 | D:4      | Reached XP level 6. HP: 42/62 MP: 5/5
  2170 | D:4      | Found a glowing drain.
  2192 | Sewer    | Entered a sewer
  2364 | Sewer    | Noticed Pargi
  2369 | Sewer    | Killed Pargi
  2547 | D:4      | Reached XP level 7. HP: 68/68 MP: 6/6
  2586 | D:4      | Noticed Dowan
  2587 | D:4      | Noticed Sigmund
  2587 | D:4      | Noticed Duvessa
  2602 | D:4      | Slain by Sigmund

Illustrated notes

Levels and vault maps discovered:
D:1:      ebering_trefoil_3fold, layout_basic
D:2:      layout_loops_ring, serial_shops, shop, shop, shop, shop,
          nicolae_lakefront_shop, nrook_loot_triangle
D:3:      layout_basic, mainiacjoe_overflow_alcove_2
D:4:      nicolae_cairo_tiling, layout_basic, kennysheep_mini,
          gup_sewer_entry_pipe, fountainhead, uniq_edmund, uniq_sigmund,
          uniq_duvessa

Skill      XL: |  1  2  3  4  5  6  7 |
---------------+----------------------+-----
Shields        | 3 4 |  4.3
Unarmed Combat | 3 4 5 |  5.7
Fighting       | 3 4 |  4.0
Dodging        | |  2.4

Action                     |  1- 3 |  4- 6 |  7- 9 || total
---------------------------+-------+-------+-------++-------
  Melee: Unarmed           |   122 |   124 |    18 ||   264
  Evoke: Wand              |       |    12 |       ||    12
    Use: Scroll            |     4 |    11 |     2 ||    17
         Potion            |       |     2 |     2 ||     4
 Armour: Robe              |    37 |    23 |       ||    60
         Troll leather arm |       |     2 |    12 ||    14
  Dodge: Dodged            |    39 |    36 |     9 ||    84
  Block: Kite shield       |    50 |    38 |    12 ||   100
